 Dungeon Crawl Stone Soup version 0.13-a0-2531-g2ad9301 (webtiles) character file.

3552 Rycklaryybbe the Carver (level 10, 0/71 HPs)
             Began as a Human Fighter on July 27, 2013.
             Was an Initiate of the Shining One.
             Slain by a killer bee (1 damage)
             ... on Level 8 of the Dungeon.
             The game lasted 00:36:40 (10594 turns).

Rycklaryybbe the Carver (Human Fighter)            Turns: 10594, Time: 00:36:40

HP   0/71        AC 12     Str 18      XL: 10   Next: 16%
MP   9/9         EV  8     Int  9      God: the Shining One [......]
Gold 363         SH 22     Dex 14      Spells:  0 memorised,  9 levels left

Res.Fire  : . . .   See Invis. : +   a - +1 falchion
Res.Cold  : + . .   Warding    : .   v - +0 orc chain mail {rC+}
Life Prot.: . . .   Conserve   : .   c - +1 shield
Res.Poison: .       Res.Corr.  : .   f - +0 dwarf spiked helmet
Res.Elec. : .       Clarity    : .   (no cloak)
Sust.Abil.: . .     Spirit.Shd : .   H - +0 pair of elf gloves
Res.Mut.  : .       Stasis     : .   (no boots)
Res.Rott. : .       Flight     : .   g - amulet of rage
Saprovore : . . .                    E - +3 ring of evasion
                                     C - ring of see invisible

@: mildly poisoned, somewhat resistant to hostile enchantments, extremely
unstealthy
A: no striking features
a: Renounce Religion, Evoke Berserk Rage


You were on level 8 of the Dungeon.
You worshipped the Shining One. the Shining One was noncommittal.
You were hungry.

You visited 2 branches of the dungeon, and saw 9 of its levels.

You collected 343 gold pieces.

Inventory:

Hand weapons
 a - a +1,+1 falchion (weapon)
 l - a +0,+0 falchion
 p - a +2,+0 elven falchion of protection
 t - a +0,+0 great sword
 w - a +0,+0 broad axe
Armour
 b - a +0 scale mail
 c - a +1 shield (worn)
 f - a +0 dwarven spiked helmet (worn)
 v - a +0 orcish chain mail of cold resistance (worn)
 x - a +0 ring mail of cold resistance
 H - a +0 pair of elven gloves (worn)
 I - a +0 pair of elven gauntlets
Comestibles
 d - 5 bread rations
 k - a meat ration
Scrolls
 h - 6 scrolls of remove curse {unknown}
 i - 2 scrolls of recharging
 j - a scroll of curse weapon
 m - a scroll of acquirement {unknown}
 n - a scroll of identify
 o - 2 scrolls of enchant armour
 y - a scroll of enchant weapon II
Jewellery
 g - an amulet of rage (around neck)
 C - a ring of see invisible (left hand)
 E - a +3 ring of evasion (right hand)
Potions
 e - a potion of agility
 A - a potion of restore abilities
Books
 q - a book of Dreams

   Spells                             Type                      Level
   Ensorcelled Hibernation            Hexes/Ice                    2
   Flight                             Charms/Air                   3
   Phase Shift                        Translocation                5
   Shadow Creatures                   Summoning                    5
   Mass Confusion                     Hexes                        6
   Darkness                           Hexes                        7
Magical staves
 u - an uncursed staff of cold
 G - an uncursed staff of fire


   Skills:
 - Level 3.0 Fighting
 + Level 11.3 Long Blades
 - Level 4.5 Armour
 - Level 3.1 Dodging
 + Level 6.6 Shields


You had 9 spell levels left.
You didn't know any spells.

Dungeon Overview and Level Annotations

Branches:
Dungeon (8/27)             Temple (1/1) D:7             Orc (0/4) D:6
   Lair: D:8-13

Altars:
Ashenzari
Cheibriados
Elyvilon
Fedhas
Kikubaaqudgha
Makhleb
Nemelex Xobeh
Okawaru
Sif Muna
Trog
Vehumet
Xom
Yredelemnul
Zin
the Shining One
Beogh

Shops:
D:7: =

Annotations
D:4 exclusion: orc wizard


Message History

* * * LOW HITPOINT WARNING * * *
You are more poisoned.
The killer bee poisons you! You block the killer bee's attack.
You block the killer bee's attack. The killer bee stings you.
* * * LOW HITPOINT WARNING * * *
* * * LOW HITPOINT WARNING * * *
You feel sick.
You feel a little better.
The killer bee stings you but does no damage.
Drink which item? (? for menu, Esc to quit)
Okay, then.
You block the killer bee's attack. The killer bee barely misses you.
Drink which item? (? for menu, Esc to quit)
Okay, then.
There are monsters nearby!
You block the killer bee's attack.
The killer bee stings you but does no damage.
You block the killer bee's attack. The killer bee stings you.
You die...

,,* #...## *,,,** *,,**,, ***
#....## *,,,,* ****,,, *
##....## **,,,** *,,,
##....###*,,,,*** *,,,
##.....##*,,,,, * ,,
##.....##,,,,,*** ***,
##.....###,,,, * **,, ##
###.....#*,,,,*** **,,, .#
#...@k##*,,,,,*** ,,, .###
###kkk.##*,,,,,*,,,,* ...#
##.k..##*,,,,,,,,** ...######
#.....####,,,,,** ....#...##
###....#.##,,,** #........##
##......####### #.........##
##.....##....#
###...#....#######
#......#....#
######.....#...######.......##


You could see 5 killer bees.

Vanquished Creatures
  2 wyverns (D:8)
  A hungry ghost (D:7)
  Edmund (D:4)
  2 manticores (D:8)
  A necrophage (D:7)
  A sky beast (D:5)
  An orc warrior (D:8)
  A centaur (D:8)
  A phantom (D:4)
  A crocodile (D:7)
  2 giant frogs
  A gnoll sergeant (D:7)
  3 killer bees
  A hippogriff zombie (D:8)
  3 wights (D:6)
  5 crimson imps
  2 goliath beetles
  3 hounds
  A giant frog skeleton (D:4)
  An iguana (D:5)
  A centaur skeleton (D:4)
  8 orc priests
  4 orc wizards
  3 scorpions
  5 worker ants
  3 gnolls (D:7)
  3 adders
  A giant mite (D:4)
  An inept feature mimic (D:3)
  2 worms
  A goliath beetle zombie (D:8)
  4 giant geckos
  2 oozes (D:3)
  44 orcs
  4 ball pythons
  21 bats
  2 giant cockroaches
  7 hobgoblins
  9 jackals
  6 quokkas
  7 giant newts
  A giant newt skeleton (D:4)
  16 goblins
  A goblin skeleton (D:4)
  7 kobolds
  17 rats
  2 ballistomycetes (D:6)
216 creatures vanquished.

Vanquished Creatures (others)
  A human (D:6)
  A hound (D:6)
  A giant spore (D:6)
  A rat (D:4)
4 creatures vanquished.

Grand Total: 220 creatures vanquished

Notes
Turn   | Place    | Note
--------------------------------------------------------------
     0 | D:1      | Rycklaryybbe, the Human Fighter, began the quest for the Orb.
     0 | D:1      | Reached XP level 1. HP: 18/18 MP: 0/0
   215 | D:1      | Reached XP level 2. HP: 22/24 MP: 1/1
   537 | D:1      | Reached XP level 3. HP: 26/30 MP: 2/2
  1304 | D:3      | Reached XP level 4. HP: 36/36 MP: 3/3
  1320 | D:3      | Reached skill level 4 in Long Blades
  2003 | D:3      | Reached XP level 5. HP: 5/41 MP: 4/4
  2666 | D:3      | Reached skill level 5 in Long Blades
  3542 | D:4      | Noticed a phantom
  3572 | D:4      | Killed a phantom
  3572 | D:4      | Reached skill level 6 in Long Blades
  3572 | D:4      | Reached XP level 6. HP: 33/48 MP: 5/5
  4068 | D:4      | Found a deep blue altar of Sif Muna.
  4367 | D:4      | Reached XP level 7. HP: 41/53 MP: 6/6
  4412 | D:4      | Reached skill level 7 in Long Blades
  4469 | D:4      | Noticed Edmund
  4501 | D:4      | Killed Edmund
  4842 | D:5      | Entered Level 5 of the Dungeon
  4881 | D:5      | Reached skill level 8 in Long Blades
  5459 | D:6      | Reached XP level 8. HP: 52/60 MP: 7/7
  5622 | D:6      | Reached skill level 9 in Long Blades
  6122 | D:6      | Found a roughly hewn altar of Beogh.
  6154 | D:6      | Found a staircase to the Orcish Mines.
  6220 | D:6      | Reached skill level 10 in Long Blades
  6680 | D:6      | Reached XP level 9. HP: 40/65 MP: 8/8
  6933 | D:6      | Found an ancient bone altar of Kikubaaqudgha.
  6981 | D:6      | Noticed a troll
  7001 | D:6      | Gained mutation: Your flesh is heat resistant. [potion of beneficial mutation]
  7060 | D:7      | Found Cabruhen's Jewellery Shoppe.
  7263 | D:7      | Reached skill level 11 in Long Blades
  7703 | D:7      | Reached skill level 1 in Dodging
  8256 | D:7      | Found a staircase to the Ecumenical Temple.
  8265 | Temple   | Entered the Ecumenical Temple
  8377 | Temple   | Became a worshipper of the Shining One
  8807 | D:8      | Was placed under penance by the Shining One
  9097 | Temple   | Fell from the grace of the Shining One
  9123 | Temple   | Became a worshipper of the Shining One
  9218 | D:8      | Lost mutation: Your flesh is heat resistant. [potion of cure mutation]
  9279 | D:8      | Reached skill level 5 in Shields
  9689 | D:8      | Reached XP level 10. HP: 41/71 MP: 9/9
 10590 | D:8      | HP: 2/71 [killer bee (5)]
 10594 | D:8      | Slain by a killer bee

Action                   |  1- 3 |  4- 6 |  7- 9 | 10-12 || total
-------------------------+-------+-------+-------+-------++-------
Melee: Falchion          |   148 |   316 |   732 |   146 ||  1342
       Great sword       |       |       |    12 |       ||    12
       Demon blade       |       |       |    20 |       ||    20
  Use: Potion            |     1 |     2 |    15 |     1 ||    19
       Scroll            |       |       |    24 |       ||    24
